[ AOE2 MATCH · #505632001 ]
UnrankedJurchens vs Poles
Player's team · LOSS
Rival team · WIN
[ REPLAY ANALYSIS · EXTRACTED FROM THE RECORDED GAME ]
Feudal
10:55
Castle
15:23
Imperial
—
| APM avg | 55.5 |
| APM peak | 95 |
| eAPM avg | 22.7 |
| Villagers / military | 58 / 47 |
Focus
⚔️ 43.3% · 🌾 56.7%
Cavalry Archer ×38 · Archer ×5 · Spearman ×4
Feudal
8:56
Castle
—
Imperial
—
| APM avg | 55.1 |
| APM peak | 109 |
| eAPM avg | 24.3 |
| Villagers / military | 66 / 48 |
Focus
⚔️ 39.0% · 🌾 61.0%
Scout Cavalry ×45 · Militia ×2 · Spearman ×1
Match map
Initial resources + every placement click. Lines = walls · curves = elevation contours. ◆ gold · ⬟ stone · ● berries · ✦ relic · ◌ wall gap
Your base· ✓ Map-separated
RoR | Benanji's base· ✓ Map-separated
Smoothed initial terrain · ◌ = detected wall gap · hover for details
Inputs per minute
— Patoshiq - - RoR | Benanji
Build order — Patoshiq
First 150 of 163 actions detected
| 0:00 | Create | Villager (Male) |
| 0:03 | Build | House |
| 0:04 | Build | House |
| 0:13 | Create | Villager (Male) |
| 0:23 | Create | Villager (Male) |
| 0:23 | Create | Villager (Male) |
| 1:32 | Create | Villager (Male) |
| 1:54 | Build | Lumber Camp |
| 1:59 | Create | Villager (Male) |
| 2:09 | Create | Villager (Male) |
| 2:33 | Build | House |
| 2:53 | Create | Villager (Male) |
| 3:05 | Create | Villager (Male) |
| 3:25 | Create | Villager (Male) |
| 3:39 | Create | Villager (Male) |
| 4:09 | Build | Mill |
| 4:17 | Create | Villager (Male) |
| 4:39 | Create | Villager (Male) |
| 5:22 | Build | House |
| 5:25 | Create | Villager (Male) |
| 5:25 | Create | Villager (Male) |
| 5:39 | Create | Villager (Male) |
| 6:02 | Create | Villager (Male) |
| 6:17 | Create | Villager (Male) |
| 6:43 | Create | Villager (Male) |
| 6:57 | Create | Villager (Male) |
| 7:35 | Create | Villager (Male) |
| 7:56 | Research | Loom |
| 8:05 | Build | Mining Camp |
| 8:11 | Build | Barracks |
| 8:13 | Research | Feudal Age |
| 8:13 | Research | Feudal Age |
| 8:41 | Create | Villager (Male) |
| 8:57 | Build | House |
| 9:07 | Build | Palisade Wall |
| 9:11 | Build | House |
| 9:14 | Build | Palisade Wall |
| 9:15 | Build | Palisade Wall |
| 9:21 | Build | Palisade Wall |
| 9:22 | Build | Palisade Wall |
| 9:27 | Build | Palisade Wall |
| 9:35 | Build | Palisade Wall |
| 9:40 | Create | Villager (Male) |
| 10:14 | Build | Palisade Wall |
| 10:15 | Build | Palisade Wall |
| 10:54 | Create | Villager (Male) |
| 10:55 | Age | Feudal Age |
| 10:57 | Build | Archery Range |
| 10:58 | Create | Spearman |
| 11:01 | Build | Blacksmith |
| 11:14 | Create | Spearman |
| 11:57 | Build | Archery Range |
| 12:08 | Create | Villager (Male) |
| 12:43 | Research | Castle Age |
| 13:06 | Build | Mining Camp |
| 13:07 | Create | Archer |
| 13:07 | Create | Archer |
| 13:50 | Build | Watch Tower |
| 13:52 | Build | House |
| 13:57 | Build | House |
| 14:02 | Build | House |
| 14:20 | Build | Palisade Wall |
| 14:30 | Create | Archer |
| 14:55 | Create | Archer |
| 14:58 | Research | Fletching |
| 14:58 | Research | Fletching |
| 15:23 | Age | Castle Age |
| 15:25 | Create | Cavalry Archer |
| 15:26 | Create | Cavalry Archer |
| 15:33 | Create | Villager (Male) |
| 15:47 | Create | Villager (Male) |
| 15:56 | Create | Cavalry Archer |
| 16:05 | Create | Cavalry Archer |
| 16:08 | Create | Spearman |
| 16:26 | Create | Cavalry Archer |
| 16:26 | Create | Cavalry Archer |
| 16:37 | Create | Villager (Male) |
| 16:37 | Create | Villager (Male) |
| 16:48 | Create | Cavalry Archer |
| 17:04 | Build | House |
| 17:22 | Research | Town Watch |
| 17:26 | Create | Cavalry Archer |
| 17:27 | Create | Villager (Male) |
| 17:30 | Build | House |
| 17:34 | Research | Double-Bit Axe |
| 17:35 | Research | Double-Bit Axe |
| 17:45 | Create | Cavalry Archer |
| 18:00 | Create | Cavalry Archer |
| 18:00 | Create | Cavalry Archer |
| 18:13 | Create | Villager (Male) |
| 18:22 | Create | Archer |
| 18:23 | Build | Farm |
| 18:47 | Create | Cavalry Archer |
| 18:47 | Create | Cavalry Archer |
| 18:48 | Create | Villager (Male) |
| 18:48 | Create | Villager (Male) |
| 19:09 | Create | Cavalry Archer |
| 19:21 | Build | Mill |
| 19:28 | Create | Spearman |
| 19:52 | Create | Cavalry Archer |
| 19:52 | Create | Cavalry Archer |
| 20:04 | Create | Villager (Male) |
| 20:04 | Create | Villager (Male) |
| 20:21 | Build | House |
| 20:22 | Build | Palisade Wall |
| 20:25 | Build | Palisade Wall |
| 20:30 | Create | Cavalry Archer |
| 20:30 | Create | Cavalry Archer |
| 20:31 | Create | Villager (Male) |
| 20:39 | Create | Cavalry Archer |
| 20:51 | Build | Palisade Wall |
| 20:54 | Create | Villager (Male) |
| 20:56 | Build | Farm |
| 20:59 | Build | Farm |
| 21:16 | Create | Villager (Male) |
| 21:18 | Create | Cavalry Archer |
| 21:20 | Build | Farm |
| 21:49 | Research | Padded Archer Armor |
| 21:58 | Create | Villager (Male) |
| 21:59 | Create | Cavalry Archer |
| 21:59 | Create | Cavalry Archer |
| 21:59 | Create | Cavalry Archer |
| 22:12 | Create | Villager (Male) |
| 22:22 | Research | Bodkin Arrow |
| 22:22 | Research | Bodkin Arrow |
| 22:24 | Create | Villager (Male) |
| 22:24 | Create | Villager (Male) |
| 22:41 | Create | Villager (Male) |
| 22:43 | Create | Cavalry Archer |
| 22:43 | Create | Cavalry Archer |
| 22:56 | Create | Villager (Male) |
| 23:09 | Create | Cavalry Archer |
| 23:09 | Create | Cavalry Archer |
| 23:10 | Create | Cavalry Archer |
| 23:15 | Create | Villager (Male) |
| 23:15 | Create | Villager (Male) |
| 23:17 | Build | Farm |
| 23:19 | Build | Farm |
| 23:25 | Create | Villager (Male) |
| 23:36 | Build | Palisade Wall |
| 23:38 | Build | Palisade Wall |
| 23:44 | Create | Villager (Male) |
| 23:45 | Create | Cavalry Archer |
| 23:46 | Create | Cavalry Archer |
| 23:57 | Create | Villager (Male) |
| 23:57 | Create | Villager (Male) |
| 24:13 | Create | Villager (Male) |
| 24:28 | Create | Villager (Male) |
| 25:01 | Create | Villager (Male) |
| 25:09 | Create | Cavalry Archer |
Build order — RoR | Benanji
First 150 of 188 actions detected
| 0:02 | Create | Villager (Male) |
| 0:02 | Create | Villager (Male) |
| 0:03 | Build | House |
| 0:04 | Build | House |
| 0:04 | Create | Villager (Male) |
| 0:04 | Create | Villager (Male) |
| 1:26 | Create | Villager (Male) |
| 1:26 | Create | Villager (Male) |
| 1:53 | Create | Villager (Male) |
| 2:26 | Create | Villager (Male) |
| 2:43 | Build | Lumber Camp |
| 2:54 | Build | House |
| 2:57 | Create | Villager (Male) |
| 2:58 | Create | Villager (Male) |
| 3:33 | Build | House |
| 3:44 | Create | Villager (Male) |
| 4:09 | Create | Villager (Male) |
| 4:34 | Create | Villager (Male) |
| 4:42 | Create | Villager (Male) |
| 5:09 | Create | Villager (Male) |
| 5:09 | Create | Villager (Male) |
| 5:10 | Research | Loom |
| 5:39 | Build | Mill |
| 6:46 | Research | Feudal Age |
| 7:21 | Build | Barracks |
| 7:37 | Create | Villager (Male) |
| 8:46 | Create | Villager (Male) |
| 8:56 | Age | Feudal Age |
| 8:57 | Build | Stable |
| 9:00 | Create | Spearman |
| 9:01 | Research | Double-Bit Axe |
| 9:26 | Create | Villager (Male) |
| 9:46 | Build | Mill |
| 9:51 | Create | Villager (Male) |
| 9:55 | Create | Scout Cavalry |
| 9:55 | Create | Scout Cavalry |
| 10:28 | Research | Horse Collar |
| 10:50 | Create | Villager (Male) |
| 10:54 | Build | Farm |
| 10:58 | Build | Market |
| 11:00 | Build | Blacksmith |
| 11:02 | Create | Villager (Male) |
| 11:02 | Create | Villager (Male) |
| 11:24 | Build | Watch Tower |
| 11:26 | Create | Villager (Male) |
| 11:27 | Create | Villager (Male) |
| 11:38 | Create | Scout Cavalry |
| 11:41 | Create | Scout Cavalry |
| 11:49 | Build | Mining Camp |
| 11:50 | Create | Villager (Male) |
| 12:18 | Create | Scout Cavalry |
| 12:28 | Create | Villager (Male) |
| 12:46 | Create | Villager (Male) |
| 12:53 | Build | Farm |
| 12:56 | Build | House |
| 12:57 | Build | House |
| 13:01 | Build | House |
| 13:02 | Create | Villager (Male) |
| 13:29 | Build | Watch Tower |
| 13:37 | Create | Villager (Male) |
| 14:12 | Create | Scout Cavalry |
| 14:13 | Create | Scout Cavalry |
| 14:13 | Create | Villager (Male) |
| 14:32 | Create | Villager (Male) |
| 14:42 | Create | Scout Cavalry |
| 14:43 | Create | Villager (Male) |
| 14:43 | Create | Villager (Male) |
| 15:03 | Create | Villager (Male) |
| 15:06 | Build | Farm |
| 15:19 | Build | Watch Tower |
| 15:24 | Create | Scout Cavalry |
| 15:24 | Create | Villager (Male) |
| 15:36 | Build | Farm |
| 15:36 | Build | Farm |
| 15:38 | Create | Villager (Male) |
| 15:46 | Build | Palisade Wall |
| 15:51 | Research | Bloodlines |
| 15:51 | Research | Bloodlines |
| 15:59 | Research | Forging |
| 16:00 | Create | Villager (Male) |
| 16:26 | Create | Scout Cavalry |
| 16:27 | Create | Villager (Male) |
| 16:33 | Build | Stable |
| 16:43 | Research | Scale Barding Armor |
| 16:54 | Build | Watch Tower |
| 16:58 | Build | Watch Tower |
| 17:00 | Create | Villager (Male) |
| 17:15 | Create | Villager (Male) |
| 17:25 | Create | Scout Cavalry |
| 17:26 | Create | Villager (Male) |
| 17:38 | Create | Scout Cavalry |
| 17:40 | Build | Palisade Wall |
| 17:41 | Build | House |
| 17:41 | Build | House |
| 17:43 | Build | House |
| 17:54 | Build | Farm |
| 17:55 | Create | Scout Cavalry |
| 17:59 | Build | Watch Tower |
| 18:15 | Create | Villager (Male) |
| 18:17 | Create | Scout Cavalry |
| 18:30 | Create | Villager (Male) |
| 18:46 | Create | Villager (Male) |
| 18:51 | Create | Scout Cavalry |
| 18:51 | Create | Scout Cavalry |
| 19:10 | Create | Villager (Male) |
| 19:17 | Research | Fletching |
| 19:27 | Create | Scout Cavalry |
| 19:38 | Create | Villager (Male) |
| 19:57 | Build | Farm |
| 19:58 | Build | Farm |
| 20:01 | Build | Farm |
| 20:05 | Create | Villager (Male) |
| 20:15 | Build | Farm |
| 20:26 | Create | Scout Cavalry |
| 20:26 | Create | Scout Cavalry |
| 20:33 | Build | Watch Tower |
| 20:35 | Build | Lumber Camp |
| 20:35 | Create | Villager (Male) |
| 20:45 | Build | House |
| 20:55 | Create | Scout Cavalry |
| 20:56 | Create | Villager (Male) |
| 20:56 | Create | Villager (Male) |
| 21:13 | Build | Mill |
| 21:14 | Create | Villager (Male) |
| 21:16 | Build | Farm |
| 21:17 | Build | Farm |
| 21:25 | Create | Scout Cavalry |
| 21:27 | Create | Villager (Male) |
| 21:48 | Create | Scout Cavalry |
| 21:51 | Create | Villager (Male) |
| 22:04 | Build | Farm |
| 22:08 | Create | Scout Cavalry |
| 22:17 | Build | Lumber Camp |
| 22:20 | Build | Watch Tower |
| 22:24 | Create | Scout Cavalry |
| 22:24 | Create | Scout Cavalry |
| 22:28 | Build | House |
| 22:28 | Build | House |
| 22:32 | Build | Farm |
| 22:41 | Create | Villager (Male) |
| 22:41 | Create | Villager (Male) |
| 22:43 | Build | Farm |
| 22:51 | Create | Scout Cavalry |
| 22:51 | Create | Scout Cavalry |
| 22:58 | Create | Villager (Male) |
| 23:03 | Create | Villager (Male) |
| 23:10 | Create | Villager (Male) |
| 23:16 | Build | Farm |
| 23:22 | Create | Scout Cavalry |
| 23:23 | Create | Scout Cavalry |
Match timeline
| 7:21 | RoR | Benanji · first_building Barracks |
| 8:11 | Patoshiq · first_building Barracks |
| 8:56 | RoR | Benanji · age_up feudal |
| 8:57 | RoR | Benanji · first_building Stable |
| 9:07 | Patoshiq · wall_segment Palisade Wall x1 |
| 9:14 | Patoshiq · wall_segment Palisade Wall x1 |
| 9:15 | Patoshiq · wall_segment Palisade Wall x1 |
| 9:21 | Patoshiq · wall_segment Palisade Wall x1 |
| 9:22 | Patoshiq · wall_segment Palisade Wall x1 |
| 9:27 | Patoshiq · wall_segment Palisade Wall x1 |
| 9:35 | Patoshiq · wall_segment Palisade Wall x1 |
| 10:14 | Patoshiq · wall_segment Palisade Wall x1 |
| 10:15 | Patoshiq · wall_segment Palisade Wall x1 |
| 10:55 | Patoshiq · age_up feudal |
| 10:57 | Patoshiq · first_building Archery Range |
| 14:20 | Patoshiq · wall_segment Palisade Wall x1 |
| 15:23 | Patoshiq · age_up castle |
| 15:46 | RoR | Benanji · wall_segment Palisade Wall x1 |
| 17:40 | RoR | Benanji · wall_segment Palisade Wall x1 |
| 20:22 | Patoshiq · wall_segment Palisade Wall x1 |
| 20:25 | Patoshiq · wall_segment Palisade Wall x1 |
| 20:51 | Patoshiq · wall_segment Palisade Wall x1 |
| 23:36 | Patoshiq · wall_segment Palisade Wall x1 |
| 23:38 | Patoshiq · wall_segment Palisade Wall x1 |
| 26:20 | RoR | Benanji · first_market_sell 500 stone |
| 26:21 | RoR | Benanji · first_market_buy 100 food |
| 26:47 | Patoshiq · resign |
[ AI ANALYSIS · 1 CREDIT ]
What really happened in this match?
Wolo.gg analyzes every decision: build order, eco, micro, common mistakes by bracket. Personalized analysis on WhatsApp or Discord in 30 seconds.
Civ guide
Jurchens
Perfil
Jugador #5832372